 Dungeon Crawl Stone Soup version 0.26-a0-852-g6321bf7485 (webtiles) character file.

Game seed: 10248486478787987670

200 muata the Sneak (level 5, -3/41 HPs)
             Began as a Vampire Brigand on Nov 22, 2020.
             Killed from afar by dolemite99's ghost (5 damage)
             ... with a magic dart
             ... on level 3 of the Dungeon.
             The game lasted 00:10:30 (2845 turns).

muata the Sneak (Vampire Brigand)                   Turns: 2845, Time: 00:10:31

Health: -3/41      AC:  5    Str: 10    XL:     5   Next: 48%
Magic:  5/5        EV: 12    Int: 14    God:
Gold:   186        SH:  0    Dex: 16    Spells: 4/4 levels left

rFire    . . .     SeeInvis +   a - +2 dagger
rCold    . . .     Faith    .   (no shield)
rNeg     . . .     Spirit   .   b - +0 robe
rPois    .         Reflect  .   q - +2 hat
rElec    .         Harm     .   c - +0 cloak
rCorr    .         Rampage  .   (no gloves)
MR       .....                  (no boots)
Stlth    ++........             (no amulet)
HPRegen  0.33/turn              (no ring)
MPRegen  0.09/turn              (no ring)

@: regenerating quickly, very slow
A: fangs 3, see invisible, unbreathing
a: Exsanguinate


You were on level 3 of the Dungeon.
You visited 1 branch of the dungeon, and saw 3 of its levels.

You collected 186 gold pieces.

Inventory:

Hand Weapons
 a - a +2 dagger (weapon)
Missiles
 d - 21 poisoned darts (quivered)
 h - 224 stones
 p - 3 atropa-tipped darts
 w - 8 boomerangs
Armour
 b - a +0 robe (worn)
 c - a +0 cloak (worn)
 q - a +2 hat (worn)
Jewellery
 x - an uncursed ring of protection from magic {unknown}
Wands
 r - a wand of flame (16)
 v - a wand of random effects (23)
Scrolls
 f - 3 scrolls of remove curse {unknown}
 t - a scroll of magic mapping {unknown}
 y - 2 scrolls of identify {unknown}
 z - 2 scrolls of fog {unknown}
Potions
 g - a potion of flight {unknown}
 i - a potion of lignification {unknown}
 j - 4 potions of curing {unknown}
 k - a potion of brilliance {unknown}
 l - a potion of haste {unknown}
 m - a potion of cancellation {unknown}
 n - a potion of ambrosia {unknown}
 o - 2 potions of might {unknown}
 s - a potion of attraction {unknown}
 u - a potion of invisibility {unknown}
 A - a potion of magic {unknown}


   Skills:
 + Level 3.3 Fighting
 + Level 4.1 Short Blades
 - Level 1.5 Throwing
 - Level 1.1 Dodging
 + Level 7.6 Stealth


You had 4 spell levels left.
You didn't know any spells.
Your spell library was empty.

Dungeon Overview and Level Annotations

Branches:
Dungeon (3/15)

Altars:
Gozag
Hepliaklqana
Xom
Yredelemnul

Annotations:
D:3 dolemite99's ghost, amateur GnCj


Innate Abilities, Weirdness & Mutations

Your natural rate of healing is unusually fast.
You have razor-sharp teeth.
You have supernaturally acute eyesight. (SInv)
You can survive without breathing.


Message History

* * * LOW HITPOINT WARNING * * *
You closely miss dolemite99's ghost.
Dolemite99's ghost is heavily damaged.
Your unstable footing causes you to fumble your attack.
Dolemite99's ghost gestures at you while chanting.
The magic dart hits you.
* * * LOW HITPOINT WARNING * * *
You hit dolemite99's ghost.
Dolemite99's ghost is heavily damaged.
Dolemite99's ghost closely misses you.
Your unstable footing causes you to fumble your attack.
Dolemite99's ghost hits you.
* * * LOW HITPOINT WARNING * * *
Your unstable footing causes you to fumble your attack.
Dolemite99's ghost misses you.
Your unstable footing causes you to fumble your attack.
Your unstable footing causes you to fumble your attack.
Dolemite99's ghost points at you and mumbles some strange words.
The magic dart hits you.
You die...

#.......##.##..)..
####...###.####.## #...#
#........ #...#####.####.
#...##.........
#...##.........
#######..##.........
#.....#..##........#
#?W@≈≈'..##........# ######
#.....#.###........# #....#
######### #......... #.##.#
#.###.#+#.
#.##.##############.###.#.#.
#.##...##...................
#.####.##<#########.#...#...
#.# #.##.#.........#......#
#.####.##.##.########..###.#


You could see dolemite99's ghost.

Vanquished Creatures
  An orc priest (D:3)
  An orc wizard (D:3)
  4 adders
  2 oozes
  A worm (D:2)
  3 dart slugs (D:2)
  3 leopard geckos
  7 orcs
  2 ball pythons (D:1)
  9 bats
  7 giant cockroaches
  7 goblins
  5 hobgoblins
  2 jackals (D:2)
  4 frilled lizards
  7 kobolds
  12 rats
  2 butterflies (D:2)
79 creatures vanquished.

Notes
Turn   | Place    | Note
-------+----------+-------------------------------------------
     0 | D:1      | muata the Vampire Brigand began the quest for the Orb.
     0 | D:1      | Reached XP level 1. HP: 16/16 MP: 1/1
    66 | D:1      | Reached skill level 6 in Stealth
   136 | D:1      | Reached XP level 2. HP: 17/22 MP: 2/2
   527 | D:1      | Reached XP level 3. HP: 27/27 MP: 3/3
  1052 | D:2      | Found a hazy altar of Hepliaklqana.
  1169 | D:2      | Reached XP level 4. HP: 23/34 MP: 4/4
  1519 | D:2      | Reached skill level 7 in Stealth
  1608 | D:2      | Found a shimmering altar of Xom.
  2074 | D:3      | Reached XP level 5. HP: 41/41 MP: 5/5
  2090 | D:3      | Found a basalt altar of Yredelemnul.
  2260 | D:3      | Found an opulent altar of Gozag.
  2625 | D:3      | Found a runed translucent door.
  2802 | D:3      | Noticed dolemite99's ghost (amateur GnCj)
  2842 | D:3      | HP: 1/41 [dolemite99's ghost (6)]
  2845 | D:3      | Killed from afar by dolemite99's ghost

Illustrated notes

Levels and vault maps discovered:
D:1:      saegor_arrival_simple_c, layout_loops_cross
D:2:      layout_basic, xom_butterflies, marbit_many_paths, minmay_tromino_i4
D:3:      layout_basic, lemuel_doored_altar, old_standard_altar,
          ebering_ghost_reflecting_pool

Skill      XL: |  1  2  3  4  5 |
---------------+----------------+-----
Stealth        | 6 7 |  7.6
Fighting       | 2 3 |  3.3
Short Blades   | 3 4 |  4.1
Throwing       | |  1.5
Dodging        | |  1.1

Action                   |  1- 3 |  4- 6 || total
-------------------------+-------+-------++-------
Melee: Dagger            |   109 |   157 ||   266
       Bite              |    10 |    18 ||    28
Throw: Dart              |       |     2 ||     2
 Stab: Sleeping          |    17 |     8 ||    25
Armor: Robe              |    32 |    25 ||    57
Dodge: Dodged            |    55 |    56 ||   111

Table legend: (Time is in decaauts)
 A = Elapsed time spent in this place.
 B = Non-inter-level travel time spent in this place.
 C = Inter-level travel time spent in this place.
 D = Time resting spent in this place.
 E = Time spent auto-exploring this place.
 F = Levels seen in this place.
 G = Mean time per level.
                   A        B        C        D        E       F      G
               +--------+--------+--------+--------+--------+-----+--------+
         Total |   2802 |   2749 |     53 |    203 |   1707 |   3 |  934.0 |
       Dungeon |   2802 |   2749 |     53 |    203 |   1707 |   3 |  934.0 |
               +--------+--------+--------+--------+--------+-----+--------+

Top non-repeatable levels by time:
     D:2: 1227 daAuts
     D:3: 859 daAuts
     D:1: 715 daAuts
